 Dungeon Crawl Stone Soup version 0.25-a0-474-ga8a2ee3166 (webtiles) character file.

Game seed: 3897526516898666398, levelgen mode: deterministic

6594 Eurus the Thaumaturge (level 10, 71/71 HPs)
             Began as a Mummy Conjurer on Feb 7, 2020.
             Was a Follower of Ashenzari.
             Quit the game on level 9 of the Dungeon.
             The game lasted 00:28:12 (11045 turns).

Eurus the Thaumaturge (Mummy Conjurer)             Turns: 11045, Time: 00:28:13

Health: 71/71      AC:  7    Str: 12    XL:     10   Next: 71%
Magic:  24/24      EV: 13    Int: 18    God:    Ashenzari [*.....]
Gold:   564        SH:  0    Dex: 12    Spells: 27/30 levels left

rFire    x . .     SeeInvis .   a - staff of conjuration (curse)
rCold    + . .     Gourm    .   (no shield)
rNeg     + + +     Faith    .   p - +0 ring mail
rPois    ∞         Spirit   .   (no helmet)
rElec    .         Reflect  .   (no cloak)
rCorr    .         Harm     .   (no gloves)
MR       +....                  h - +0 pair of boots
Stlth    +.........             (no amulet)
HPRegen  0.21/turn              (no ring)
MPRegen  0.19/turn              (no ring)

@: no status effects
A: no food or potions, fire vulnerability, cold resistance 1, negative energy
resistance 3, torment resistance, unbreathing
a: Curse Item, Scrying, Renounce Religion


You were on level 9 of the Dungeon.
You worshipped Ashenzari.
Ashenzari was aware of your devotion.
You were not hungry.

You visited 2 branches of the dungeon, and saw 10 of its levels.

You collected 564 gold pieces.

Inventory:

Armour
 h - a +0 pair of boots (worn)
 n - a +1 shield
 p - a +0 ring mail (worn)
Magical Staves
 a - a cursed staff of conjuration (weapon)
Jewellery
 j - a cursed ring of ice
 r - an uncursed ring of ice
Wands
 c - a wand of acid (10)
 e - a wand of paralysis (20)
 i - a wand of polymorph (9)
 k - a wand of disintegration (17)
Scrolls
 b - 5 scrolls of identify
 d - 6 scrolls of teleportation
 f - 3 scrolls of amnesia
 g - 10 scrolls of remove curse
 l - a scroll of fog
 m - 2 scrolls of fear
 o - a scroll of holy word {unknown}
 q - a scroll of enchant armour
 s - 2 scrolls of blinking {unknown}
 t - a scroll of vulnerability {unknown}


   Skills:
 - Level 4.1 Fighting
 + Level 6.3 Armour
 + Level 5.4 Dodging
 - Level 1.5 Stealth
 + Level 10.6 Spellcasting
 + Level 8.1 Conjurations


You had 27 spell levels left.
You knew the following spells:

 Your Spells              Type           Power        Failure   Level  Hunger
a - Magic Dart            Conj           ####         1%          1    N/A
b - Searing Ray           Conj           ######       1%          2    N/A

Your spell library contained the following spells:

 Spells                   Type           Power        Failure   Level  Hunger
 Dazzling Flash           Conj/Hex       #####.       9%          3    N/A
 Poisonous Vapours        Pois/Air       #.....       22%         2    N/A
 Fulminant Prism          Conj/Hex       #####.....   28%         4    N/A
 Iskenderun's Mystic Bla  Conj/Tloc      #####...     28%         4    N/A
 Ignite Poison            Fire/Tmut/Pois #.......     41%         3    N/A
 Alistair's Intoxication  Tmut/Pois      #.......     99%         5    N/A

Dungeon Overview and Level Annotations

Branches:
Dungeon (9/15)             Temple (1/1) D:4            Lair (0/6) D:9
    Orc: D:9-12

Altars:
Ashenzari
Cheibriados
Dithmenos
Elyvilon
Fedhas
Gozag
Hepliaklqana
Kikubaaqudgha
Makhleb
Nemelex Xobeh
Okawaru
Qazlal
Ru
Sif Muna
Trog
Uskayaw
Vehumet
Wu Jian
Xom
Yredelemnul
Zin
The Shining One

Shops:
D:4 (


Innate Abilities, Weirdness & Mutations

You do not eat or drink.
Your flesh is vulnerable to fire.
You are immune to poison.
Your flesh is cold resistant. (rC+)
You are immune to negative energy. (rN+++)
You are immune to unholy pain and torment.
You can survive without breathing.


Message History

The bullfrog gives a loud, deep croak! (Press . to maintain the ray.)
The searing ray hits the bullfrog!
You kill the bullfrog!
You start resting.
Magic restored.
You open the door.
There is an open door here.
You open the door.
There is an open door here.
Things that are here:
a +0 dagger; a +0 leather armour
There is an open door here.
There is an open door here.
Things that are here:
a +0 dagger; a +0 leather armour Done exploring.
Done exploring.
There is a stone staircase leading down here.
Are you sure you want to abandon this character and quit the game? (Confirm with "yes".)

###+#####...............#....#...
........................#....#...
#..........#####........######...
#..........# #....[......).....
#..........# #.................
#..........# #.................
#....[[....#####.................
#................................
#...............@..........####..
.@.).......................#..#..
..)#####...............##'##..#..
...#...#.............).#......#..
)<.#...'...............#<.....#..
...#...#.....#######...#.%....#..
.).#...#.....# #...#......#..
...#'###.....# #...#......#..
.............# #...#......#.#


There were no monsters in sight!

Vanquished Creatures
  Erica (D:9)
  A two-headed ogre (D:8)
  A hippogriff (D:8)
  7 yaks
  Eustachio (D:4)
  3 sky beasts
  A black bear (D:9)
  A phantom (D:5)
  5 orc warriors
  5 ogres
  2 centaurs (D:5)
  A crocodile (D:9)
  A big kobold (D:8)
  4 bullfrogs
  A scorpion (D:8)
  A water moccasin zombie (D:9)
  4 killer bees (D:8)
  5 wights (D:9)
  7 jellies
  2 howler monkeys
  2 crimson imps
  2 bullfrog zombies (D:9)
  A quasit (D:7)
  4 orc priests
  3 hounds
  A centaur skeleton (D:7)
  8 orc wizards
  Jessica (D:2)
  3 bullfrog skeletons
  5 iguanas
  6 worker ants
  A hound skeleton (D:6)
  A hound zombie (D:5)
  4 gnolls (D:5)
  A howler monkey skeleton (D:9)
  9 adders
  5 oozes (D:8)
  An adder zombie (D:5)
  A worm (D:2)
  3 dart slugs
  10 leopard geckos
  29 orcs
  8 giant cockroaches
  4 goblins
  6 hobgoblins
  6 jackals
  3 quokkas
  A ball python (D:1)
  6 bats
  8 frilled lizards
  7 kobolds
  11 rats
215 creatures vanquished.

Notes
Turn   | Place    | Note
-------+----------+-------------------------------------------
     0 | D:1      | Eurus the Mummy Conjurer began the quest for the Orb.
     0 | D:1      | Reached XP level 1. HP: 13/13 MP: 4/4
   389 | D:1      | Reached skill level 3 in Spellcasting
   389 | D:1      | Reached XP level 2. HP: 20/20 MP: 3/6
   605 | D:1      | Reached skill level 1 in Fighting
  1186 | D:2      | Reached XP level 3. HP: 17/26 MP: 2/7
  1196 | D:2      | Learned a level 2 spell: Searing Ray
  1714 | D:2      | Noticed Jessica
  1715 | D:2      | Killed Jessica
  1715 | D:2      | Reached XP level 4. HP: 33/33 MP: 6/9
  2314 | D:3      | Found a hide-covered altar of Uskayaw.
  2683 | D:3      | Reached skill level 4 in Spellcasting
  2972 | D:3      | Reached XP level 5. HP: 39/39 MP: 4/11
  3240 | D:4      | Found Bianeity's Antique Weapon Shoppe.
  3249 | D:4      | Noticed Eustachio
  3369 | D:4      | Noticed an ogre
  3375 | D:4      | Killed an ogre
  3375 | D:4      | Reached skill level 5 in Spellcasting
  3375 | D:4      | Reached XP level 6. HP: 42/47 MP: 6/13
  3415 | D:4      | Noticed a slave
  3416 | D:4      | Noticed a slave
  3416 | D:4      | Noticed a slave
  3416 | D:4      | Noticed a slave
  3483 | D:4      | Killed Eustachio
  3778 | D:4      | Found a staircase to the Ecumenical Temple.
  3788 | Temple   | Entered the Ecumenical Temple
  3881 | Temple   | Became a worshipper of Ashenzari the Shackled
  3940 | D:4      | Reached XP level 7. HP: 9/54 MP: 7/15
  4412 | D:5      | Entered Level 5 of the Dungeon
  4421 | D:4      | Reached skill level 1 in Armour
  4568 | D:4      | Reached skill level 5 in Conjurations
  4612 | D:4      | Reached skill level 6 in Spellcasting
  5173 | D:5      | Reached XP level 8. HP: 60/60 MP: 12/18
  5265 | D:5      | Reached skill level 7 in Spellcasting
  6449 | D:6      | Reached skill level 8 in Spellcasting
  7075 | D:7      | Reached XP level 9. HP: 65/65 MP: 18/21
  7326 | D:7      | Found a shimmering altar of Xom.
  8033 | D:8      | Noticed a two-headed ogre
  8081 | D:8      | Reached * piety under Ashenzari
  8430 | D:8      | Reached skill level 9 in Spellcasting
  8540 | D:8      | Killed a two-headed ogre
  8540 | D:8      | Reached skill level 5 in Armour
  8806 | D:8      | Reached XP level 10. HP: 65/71 MP: 19/23
  9551 | D:9      | Reached skill level 10 in Spellcasting
 10158 | D:9      | Reached skill level 5 in Dodging
 10207 | D:9      | Noticed Erica
 10294 | D:9      | Identified the Tome of Toxic Transmutation
 10563 | D:9      | Killed Erica
 10764 | D:9      | Found a staircase to the Lair.
 11045 | D:9      | Quit the game

Levels and vault maps discovered:
D:1:      dpeg_arrival_tiny_k, layout_basic
D:2:      layout_loops_ring, uniq_jessica
D:3:      layout_rooms, eat_drink_and_be_merry_uskayaw, kennysheep_nondescript
D:4:      layout_gridville, minmay_temple_entry_trees, first_ration,
          serial_shops, shop, grunt_ministairs_4, uniq_pikel, uniq_eustachio
D:5:      layout_rooms
D:6:      layout_basic
D:7:      layout_loops_ring, xom_teletrap_fun
D:8:      layout_cave_pools, hangedman_little_slice_of_home
D:9:      layout_irregular_city, dpeg_oklobed_lair, uniq_erica
Temple:   grunt_wide_crystal_templ

Skill      XL: |  1  2  3  4  5  6  7  8  9 10 |
---------------+-------------------------------+-----
Spellcasting   | 3 4 5 6 8 9 10 | 10.6
Fighting       | 1 2 3 4 |  4.1
Conjurations   | 4 5 6 7 8 |  8.1
Armour         | 2 4 5 6 |  6.3
Dodging        | 2 4 5 |  5.4
Stealth        | |  1.5

Action                   |  1- 3 |  4- 6 |  7- 9 | 10-12 || total
-------------------------+-------+-------+-------+-------++-------
Melee: Unarmed           |     2 |       |       |       ||     2
       Dagger            |    22 |    34 |       |       ||    56
       Rapier            |       |     6 |    33 |       ||    39
       Staff             |       |       |       |    23 ||    23
 Cast: Magic Dart        |    62 |    59 |    58 |    37 ||   216
       Searing Ray       |       |    18 |    59 |    42 ||   119
Invok: Curse Item        |       |       |     1 |       ||     1
  Use: Scroll            |       |       |     6 |     1 ||     7
Armor: Robe              |    10 |    13 |    12 |       ||    35
       Ring mail         |       |       |    21 |    19 ||    40
Dodge: Dodged            |    24 |    52 |    61 |    36 ||   173

Table legend:
 A = Non-vault XP
 B = Vault XP
 C = Vault XP percentage of total XP
 D = Non-vault monster count
 E = Vault monster count
 F = Vault count percentage of total count
                 A         B        C        D         E       F
            +---------+---------+-------+---------+---------+-------
      Total |    8061 |    1360 |  14.4 |     202 |      13 |   6.0
            +---------+---------+-------+---------+---------+-------
        D:1 |      37 |       0 |   0.0 |      20 |       0 |   0.0
        D:2 |      40 |      37 |  48.1 |      17 |       1 |   5.6
        D:3 |     108 |       0 |   0.0 |      24 |       0 |   0.0
        D:4 |     471 |     252 |  34.9 |      16 |       3 |  15.8
        D:5 |    1034 |       0 |   0.0 |      27 |       0 |   0.0
        D:6 |     783 |       0 |   0.0 |      22 |       0 |   0.0
        D:7 |     559 |       0 |   0.0 |       8 |       0 |   0.0
        D:8 |    2649 |     159 |   5.7 |      23 |       8 |  25.8
        D:9 |    2377 |     912 |  27.7 |      44 |       1 |   2.2
     Temple |       3 |       0 |   0.0 |       1 |       0 |   0.0
            +---------+---------+-------+---------+---------+-------
